 Dungeon Crawl Stone Soup version 0.30-a0-509-gd016549fea (webtiles) character file.

Game seed: 10350800078841523171

8074 ryw the Nimble (level 11, -11/66 HPs)
             Began as a Deep Elf Summoner on Dec 23, 2022.
             Was an Initiate of Gozag.
             Mangled by a meliai
             ... wielding a +0 war axe
              (13 damage)
             ... on level 9 of the Dungeon.
             The game lasted 00:30:22 (10937 turns).

ryw the Nimble (Deep Elf Summoner)                 Turns: 10937, Time: 00:30:23

Health: -11/66     AC:  5    Str:  5    XL:     11   Next: 5%
Magic:  14/27      EV: 17    Int: 31    God:    Gozag
Gold:   290        SH:  0    Dex: 15    Spells: 17/30 levels left

rFire   + . .      SeeInvis +    f - +3 dagger (venom)
rCold   . . .      Faith    .    (no shield)
rNeg    + . .      Spirit   .    F - +0 robe {Will+}
rPois   +          Reflect  .    n - +0 helmet
rElec   .          Harm     .    D - +0 cloak {rPois}
rCorr   .          Rampage  .    C - +0 pair of gloves
Will    +++..                    (no boots)
Stlth   ++........               (no amulet)
HPRegen 0.31/turn                s - +6 ring of intelligence
MPRegen 0.20/turn                I - ring "Arphoroo" {Fly rF+ rN+ Will+ SInv}

@: flying
A: no striking features
a: Renounce Religion, Potion Petition, Call Merchant, Bribe Branch


You were on level 9 of the Dungeon.
You worshipped Gozag.
Gozag was aware of your devotion.
You visited 2 branches of the dungeon, and saw 10 of its levels.
You also visited: Sewer.

You collected 703 gold pieces.
You spent 275 gold pieces at shops.
You paid 138 gold pieces to Gozag.

Inventory:

Hand Weapons
 f - a +3 dagger of venom (weapon)
 G - the +10 sling of the Gloaming {flame, rF+}
   (You found it on level 8 of the Dungeon)

   Any ammunition fired from it burns those it strikes, dealing additional fire
   damage.
   rF:        It protects you from fire.
Missiles
 e - 4 curare-tipped darts
 h - 4 throwing nets
Armour
 a - a +1 robe
 n - a +0 helmet (worn)
 C - a +0 pair of gloves (worn)
 D - a +0 cloak of poison resistance (worn)
 F - a +0 robe of willpower (worn)
 J - a scarf of resistance
Jewellery
 s - a +6 ring of intelligence (left hand)
 E - the ring of Ignis's Condemnation {Str-2 Int+6 SInv}
   (You found it on level 9 of the Dungeon)

   [ring of see invisible]

   Str:       It affects your strength (-2).
   Int:       It affects your intelligence (+6).
   SInv:      It lets you see invisible.
 I - the ring "Arphoroo" (right hand) {Fly rF+ rN+ Will+ SInv}
   (You took it off an orc wizard on level 9 of the Dungeon)

   [ring of flight]

   rF:        It protects you from fire.
   rN:        It protects you from negative energy.
   SInv:      It lets you see invisible.
   Fly:       It grants you flight.
   Will:      It increases your willpower.
Wands
 g - a wand of iceblast (21)
 o - a wand of digging (11)
 p - a wand of flame (18)
Scrolls
 l - 2 scrolls of amnesia
 m - 5 scrolls of enchant armour
 u - 2 scrolls of noise
 w - a scroll of blinking
 x - a scroll of magic mapping
 y - 2 scrolls of poison
 z - 2 scrolls of fog
 B - a scroll of silence
Potions
 b - a potion of magic
 c - 2 potions of mutation
 i - a potion of invisibility
 j - a potion of ambrosia
 k - 3 potions of degeneration
 q - 2 potions of might
 r - 2 potions of attraction
 t - 2 potions of haste
 v - 5 potions of flight
 A - a potion of curing
 H - 3 potions of lignification


   Skills:
 + Level 6.7 Fighting
 + Level 10.1 Dodging
 - Level 2.4 Stealth
 - Level 10.0 Spellcasting
 - Level 5.0 Hexes
 - Level 10.0 Summonings
 - Level 5.0 Air Magic


You had 17 spell levels left.
You knew the following spells:

 Your Spells              Type           Power      Damage    Failure   Level
a - Call Canine Familiar  Summ           67%        N/A       1%          3
b - Call Imp              Summ           67%        N/A       1%          2
c - Summon Small Mammal   Summ           100%       N/A       1%          1
d - Summon Guardian Gole  Hex/Summ       58%        N/A       1%          3
e - Summon Lightning Spi  Summ/Air       58%        N/A       1%          4

Your spell library contained the following spells:

 Spells                   Type           Power      Damage    Failure   Level
 Airstrike                Air            23%        2d(4-20)  4%          4
 Summon Ice Beast         Ice/Summ       46%        N/A       4%          4
 Frozen Ramparts          Ice            30%        1d5       10%         3
 Ice Form                 Ice/Tmut       15%        N/A       32%         4
 Lightning Bolt           Conj/Air       15%        1d29      32%         5


Dungeon Overview and Level Annotations

Branches:
Dungeon (9/15)             Temple (1/1) D:4           Sewer (visited)
   Lair: D:8-11         Orc: D:9-12

Altars:
Cheibriados
Dithmenos
Elyvilon
Fedhas
Gozag
Kikubaaqudgha
Makhleb
Nemelex Xobeh
Okawaru
Qazlal
Ru
Sif Muna
Trog
Uskayaw
Vehumet
Wu Jian
Xom
Yredelemnul
Zin
The Shining One

Shops:
D:5 *([?

Annotations:
D:7 1 runed translucent door, Crazy Yiuf


Message History

As you read the scroll of identify, it crumbles to dust.
H - 3 potions of lignification Unknown command.
Things that are here:
a +0 ring mail; a +1 trident of flaming A meliai comes into view.
It is wielding a +0 war axe and wearing the amulet of Rohidiuf {Regen+ Int+2 Dex+7}.
The meliai moves out of view.
Unknown command.
An electric hum fills the air.
The meliai buzzes angrily.
You hear an angry buzzing noise.
The meliai hits your lightning spire with a +0 war axe.
The meliai stings your lightning spire!
The meliai hits your lightning spire with a +0 war axe!
The meliai stings your lightning spire.
Casting: Summon Lightning Spire (dangerous; 1% risk of failure)
Confirm with . or Enter, or press ? or * to list all spells.
The meliai hits your lightning spire with a +0 war axe!
Your lightning spire is destroyed!
Your lightning spire disappears in a puff of smoke!
An electric hum fills the air.
The meliai hits you with a +0 war axe! The meliai closely misses your warg.
The meliai misses you.
Your warg bites the meliai!
The meliai calls down the wrath of its god upon you.
Something smites you! The meliai hits you with a +0 war axe!
The meliai hits something with a +0 war axe.
The meliai barely misses you. The meliai completely misses you.
The meliai hits something with a +0 war axe!
The meliai stings you.
* * * LOW HITPOINT WARNING * * *
The meliai calls down the wrath of its god upon you.
Something smites you!
* * * LOW HITPOINT WARNING * * *
Casting: Summon Lightning Spire (dangerous; 1% risk of failure)
Confirm with . or Enter, or press ? or * to list all spells.
The meliai hits you with a +0 war axe.
* * * LOW HITPOINT WARNING * * *
The meliai misses you. The meliai hits you with a +0 war axe!
You die...
Your body crumbles into a pile of gold.

.# ###.## $ $ ...>. .#
#....# . ###...# .#
#o##.## #.###.#..o# .#
#§§#..# .....#☼○## .<
#°§...## ...#§.§
#§###..# ## #.##.## #.#
##.## h#.#.#..#
#o####§§#######..#.##.##
#..O.§..##.h.@yy###.#..#
#######..#.####.#
#.##.## ##.##..#8##
##☼#..# #..###..# #.##.#
##.##..## ##.#.# #..#..#
#.#.#
#######.#.#########..#
........[.........)..#
#######.###...########


You could see a meliai (ally target), a killer bee and a friendly warg
(summoned).

Vanquished Creatures
  An orc warrior (D:8)
  A bullfrog (D:6)
  2 killer bees (D:7)
  2 orc wizards
  A mummy (D:4)
  4 adders
  2 dart slugs
  3 orcs (D:5)
  2 ball pythons
  4 giant cockroaches
  A quokka (Sewer)
  2 bats
  3 frilled lizards
  2 goblins
  A hobgoblin zombie (D:4)
  A rat (D:3)
32 creatures vanquished.

Vanquished Creatures (collateral kills)
  Pikel (D:4)
  Grinder (D:4)
  A yak (D:9)
  Eustachio (D:4)
  A steam dragon (D:8)
  An acid dragon (D:9)
  An orc warrior (D:7)
  2 black bears
  3 ice beasts
  3 ogres
  3 centaurs
  4 phantoms
  3 lemures (D:4)
  A nameless horror (D:3)
  3 kobold brigands
  A bullfrog (D:9)
  A gnoll sergeant (D:9)
  A necrophage (D:3)
  3 scorpions
  4 wights (D:8)
  3 killer bees (D:7)
  A howler monkey (D:8)
  3 orc priests
  2 hounds
  2 gnoll boudas
  5 jellies
  Ijyb (D:4)
  An iguana (D:6)
  11 orc wizards
  7 gnolls
  8 adders
  4 river rats
  2 shadow imps (D:7)
  An ufetubus (D:5)
  2 worms
  2 dart slugs
  21 orcs
  10 ball pythons
  9 bats
  10 endoplasms
  2 giant cockroaches
  6 goblins
  10 hobgoblins
  3 jackals (Sewer)
  3 quokkas
  4 frilled lizards
  A goblin zombie (D:4)
  9 kobolds
  3 rats
185 creatures vanquished.

Vanquished Creatures (others)
  A centaur warrior (D:9)
  A two-headed ogre (D:9)
  3 ugly things (D:9)
  A hornet (D:9)
  2 yaks (D:9)
  2 water moccasins
  An orc warrior (D:9)
  A black bear (D:3)
  2 killer bees (D:9)
14 creatures vanquished.

Grand Total: 231 creatures vanquished

Notes
Turn   | Place    | Note
-------+----------+-------------------------------------------
     0 | D:1      | ryw the Deep Elf Summoner began the quest for the Orb.
     0 | D:1      | Reached XP level 1. HP: 10/10 MP: 6/6
   204 | D:1      | Reached XP level 2. HP: 8/16 MP: 5/8
   207 | D:1      | Learned a level 2 spell: Call Imp
  1165 | D:2      | Reached XP level 3. HP: 20/20 MP: 5/10
  1169 | D:2      | Learned a level 3 spell: Call Canine Familiar
  1601 | D:3      | Reached skill level 1 in Fighting
  1641 | D:3      | Found a shadowy altar of Dithmenos.
  1649 | D:3      | Noticed an ice beast
  1793 | D:3      | Noticed a necrophage
  1812 | D:3      | Killed a necrophage
  1813 | D:3      | Reached skill level 5 in Summonings
  1813 | D:3      | Reached XP level 4. HP: 25/25 MP: 7/12
  1943 | D:3      | Learned a level 3 spell: Summon Guardian Golem
  2075 | D:3      | Found a snail-covered altar of Cheibriados.
  2540 | D:3      | Killed an ice beast
  2541 | D:3      | Reached skill level 1 in Hexes
  2541 | D:3      | Reached XP level 5. HP: 30/30 MP: 1/13
  2635 | D:3      | Learned a level 4 spell: Summon Lightning Spire
  2696 | D:3      | Noticed a nameless horror
  2739 | D:3      | Killed a nameless horror
  3157 | D:4      | Noticed Ijyb
  3164 | D:4      | Killed Ijyb
  3165 | D:4      | Reached XP level 6. HP: 35/35 MP: 8/15
  3186 | D:4      | Noticed a water moccasin
  3208 | D:4      | Killed a water moccasin
  3209 | D:4      | Reached skill level 5 in Spellcasting
  3209 | D:4      | Reached skill level 1 in Air Magic
  3408 | D:4      | Reached XP level 7. HP: 40/40 MP: 8/16
  3485 | D:4      | Noticed Eustachio
  3502 | D:4      | Killed Eustachio
  3547 | D:4      | Found a staircase to the Ecumenical Temple.
  3781 | D:4      | Noticed Pikel
  3782 | D:4      | You fall into a shaft and drop 3 floors!
  3815 | D:7      | Reached skill level 5 in Dodging
  3927 | D:6      | Found a sparkling altar of Nemelex Xobeh.
  3927 | D:6      | Found a glowing silver altar of Zin.
  3934 | D:6      | Found a blossoming altar of Fedhas.
  3936 | D:6      | Found a faded altar of an unknown god.
  3937 | D:6      | Found a shimmering blue altar of Sif Muna.
  3967 | D:6      | Found a glowing golden altar of the Shining One.
  4025 | D:5      | Entered Level 5 of the Dungeon
  4145 | D:5      | Reached XP level 8. HP: 40/46 MP: 13/19
  4308 | D:5      | Found an iron altar of Okawaru.
  4348 | D:5      | Found Akefom's Magic Scroll Boutique.
  4528 | D:5      | Found a glowing drain.
  4533 | Sewer    | Entered a sewer
  5358 | D:5      | Found Keifryux's Assorted Antiques.
  5361 | D:5      | Found Zuczuerph's Weapon Emporium.
  5576 | D:5      | Found Jenodeus's Antique Armour Shoppe.
  5584 | D:5      | Bought a pair of gloves for 103 gold pieces
  5584 | D:5      | Bought an embroidered cloak for 172 gold pieces
  5640 | D:4      | Killed Pikel
  5641 | D:4      | Reached skill level 5 in Hexes
  5898 | D:4      | Found a basalt altar of Yredelemnul.
  6001 | D:4      | Noticed Grinder
  6007 | D:4      | Reached XP level 9. HP: 52/52 MP: 18/21
  6027 | D:4      | Paralysed by Grinder for 4 turns
  6059 | D:4      | Killed Grinder
  7726 | D:7      | Reached skill level 5 in Air Magic
  7871 | Temple   | Entered the Ecumenical Temple
  8340 | D:7      | Found a stormy altar of Qazlal.
  8409 | D:7      | Reached skill level 5 in Fighting
  8657 | D:7      | Found a runed translucent door.
  8658 | D:7      | Noticed Crazy Yiuf
  8800 | D:8      | Found a flagged portal.
  9031 | D:8      | Reached XP level 10. HP: 59/59 MP: 14/24
  9110 | D:8      | Found a sacrificial altar of Ru.
  9322 | D:8      | Identified the +10 sling of the Gloaming {flame, rF+}
  9633 | D:8      | Found an opulent altar of Gozag.
  9638 | D:8      | Became a worshipper of Gozag Ym Sagoz the Greedy
 10219 | D:9      | Noticed a centaur warrior
 10249 | D:9      | Killed a centaur warrior
 10435 | D:9      | Identified the ring of Ignis's Condemnation {Str-2 Int+6
                  | SInv}
 10439 | D:9      | Reached skill level 10 in Spellcasting
 10491 | D:9      | Noticed a white ugly thing
 10492 | D:9      | Identified the amulet of the Tired Songs {Spirit rElec rF-
                  | rN+}
 10492 | D:9      | Noticed a centaur warrior
 10507 | D:9      | Noticed a cyan ugly thing
 10511 | D:9      | Killed a white ugly thing
 10512 | D:9      | Noticed a brown ugly thing
 10524 | D:9      | Killed a cyan ugly thing
 10534 | D:9      | Killed a brown ugly thing
 10628 | D:9      | Reached skill level 10 in Summonings
 10687 | D:9      | Noticed a two-headed ogre
 10687 | D:9      | Identified the ring "Arphoroo" {Fly rF+ rN+ Will+ SInv}
 10722 | D:9      | Killed a two-headed ogre
 10723 | D:9      | Reached skill level 10 in Dodging
 10723 | D:9      | Reached XP level 11. HP: 13/66 MP: 15/27
 10930 | D:9      | Identified the amulet of Rohidiuf {Regen+ Int+2 Dex+7}
 10937 | D:9      | HP: 2/66 [meliai/+0 war axe (2)]
 10937 | D:9      | Mangled by a meliai

Illustrated notes

Levels and vault maps discovered:
D:1:      sevenhm_arrival_forest_fort_small_5, layout_basic
D:2:      layout_basic
D:3:      layout_loops_ring, mainiacjoe_overflow_small_starburst,
          mainiacjoe_overflow_alcove_4, kennysheep_generic_room_15
D:4:      layout_gridville, lemuel_crystal_altar,
          minmay_temple_entry_proselytizer, nicolae_ossuary_entry_giza,
          kennysheep_potato, uniq_pikel, uniq_grinder, uniq_ijyb, uniq_eustachio
D:5:      layout_loops_ring, mainiacjoe_overflow_concentric_impassable,
          gup_sewer_entry_bowl, serial_shops, nicolae_shop_stone,
          nicolae_shop_stone, nicolae_stop_n_shop_2, nicolae_square_shop
D:6:      layout_loops_ring, mainiacjoe_overflow_catwalk,
          chequers_temple_overflow_minitemple, dreamdust_princess_bridge
D:7:      black_bear_nest_1, layout_rooms, nicolae_qazlal_style_of_elements,
          uniq_crazy_yiuf_cottage
D:8:      layout_cave_pools, nicolae_ru_awakened_eye, kennysheep_mini,
          enter_bailey_5
D:9:      minmay_the_grid_triangle_9x9_rhombus_thin_mashed
          [minmay_the_grid_triangle_9x9_dagger,
          minmay_the_grid_triangle_9x9_prize_special,
          minmay_the_grid_triangle_9x9_thin_v,
          minmay_the_grid_triangle_9x9_impossible_snake], layout_loops_ring,
          kennysheep_mini_moat, lair_entry_dummy, gammafunk_ghost_ooze,
          minmay_starry_boxes
Temple:   nicolae_temple_godpark

Skill      XL: |  1  2  3  4  5  6  7  8  9 10 |
---------------+-------------------------------+-----
Dodging        | 3 4 5 6 8 10 | 10.1
Fighting       | 1 2 3 5 6 |  6.7
Spellcasting   | 4 5 6 7 8 10 | 10.0
Summonings     | 5 6 7 8 10 | 10.0
Hexes          | 1 2 4 5 |  5.0
Air Magic      | 1 2 4 5 |  5.0
Stealth        | |  2.4

Action                   |  1- 3 |  4- 6 |  7- 9 | 10-12 || total
-------------------------+-------+-------+-------+-------++-------
Melee: Dagger            |    17 |     8 |   119 |    21 ||   165
       Punch             |       |     1 |     3 |       ||     4
 Cast: Summon Small Mamm |    32 |     5 |    20 |     5 ||    62
       Call Imp          |    14 |    13 |    32 |     9 ||    68
       Call Canine Famil |    10 |    18 |    41 |    12 ||    81
       Summon Guardian G |       |     4 |     3 |    22 ||    29
       Summon Lightning  |       |       |    25 |    17 ||    42
  Use: Scroll            |     3 |     5 |    11 |     4 ||    23
       Potion            |       |     2 |       |       ||     2
 Stab: Sleeping          |     1 |       |     1 |       ||     2
       Distracted        |       |       |     1 |       ||     1
Armor: Robe              |     9 |    10 |    61 |     3 ||    83
Dodge: Dodged            |    19 |    36 |   147 |    35 ||   237

Table legend: (Time is in decaauts)
 A = Elapsed time spent in this place.
 B = Non-inter-level travel time spent in this place.
 C = Inter-level travel time spent in this place.
 D = Time resting spent in this place.
 E = Time spent auto-exploring this place.
 F = Levels seen in this place.
 G = Mean time per level.
                   A        B        C        D        E       F      G
               +--------+--------+--------+--------+--------+-----+--------+
         Total |  11142 |  10717 |    425 |   1837 |   6311 |  11 | 1012.9 |
       Dungeon |  10038 |   9629 |    409 |   1837 |   5478 |   9 | 1115.3 |
        Temple |    170 |    154 |     16 |      0 |    144 |   1 |  170.0 |
         Sewer |    932 |    932 |      0 |      0 |    688 |   1 |  932.0 |
               +--------+--------+--------+--------+--------+-----+--------+

Top non-repeatable levels by time:
     D:3: 1824 daAuts
     D:7: 1348 daAuts
     D:8: 1253 daAuts
     D:6: 1134 daAuts
     D:5: 1105 daAuts
     D:4: 1006 daAuts
   Sewer: 932 daAuts
     D:1: 833 daAuts
     D:2: 792 daAuts
     D:9: 740 daAuts
  Temple: 170 daAuts
